 Dungeon Crawl Stone Soup version 0.21.1-1-g345015f (webtiles) character file.

60 tidbits the Charmwright (level 4, 37/38 HPs)
             Began as a Gnoll Skald on June 20, 2018.
             Quit the game on level 3 of the Dungeon.
             The game lasted 00:04:11 (475 turns).

tidbits the Charmwright (Gnoll Skald)                Turns: 475, Time: 00:04:12

Health: 37/38      AC:  4    Str: 13 (14) XL:     4   Next: 6%
Magic:  1/11       EV: 13    Int: 13 (16) God:
Gold:   46         SH:  0    Dex: 11 (14) Spells: 3/13 levels left

rFire    . . .     SeeInvis .   a - +1 hand axe
rCold    . . .     Gourm    .   (no shield)
rNeg     . . .     Faith    .   b - +0 leather armour
rPois    .         Spirit   .   (no helmet)
rElec    .         Reflect  .   (no cloak)
rCorr    +         Harm     .   (no gloves)
MR       .....                  F - +0 pair of boots
Stlth    +.........             (no amulet)
HPRegen  0.12/turn              g - ring of resist corrosion
MPRegen  0.12/turn              (no ring)

@: very slightly contaminated
A: distributed training, fangs 1, strong nose
a: no special abilities


You were on level 3 of the Dungeon.
You were not hungry.

You visited 1 branch of the dungeon, and saw 3 of its levels.

You collected 46 gold pieces.

Inventory:

Hand Weapons
 a - a +1 hand axe (weapon)
Missiles
 j - 29 arrows
Armour
 b - a +0 leather armour (worn)
 e - cursed +0 ice dragon scales
 p - a +0 ring mail
 F - a +0 pair of boots (worn)
Jewellery
 g - a ring of resist corrosion (left hand)
   (You found it on level 1 of the Dungeon)
Wands
 k - a wand of flame (41)
Scrolls
 i - a scroll of amnesia
Potions
 m - a potion of curing
Books
 c - a book of Battle

   Spells                             Type                      Level
   a - Infusion                       Charms                       1
   b - Shroud of Golubria             Charms/Translocation         2
   c - Song of Slaying                Charms                       2
   d - Spectral Weapon                Hexes/Charms                 3
   e - Regeneration                   Charms/Necromancy            3
Comestibles
 d - 4 rations


   Skills:
 + Level 4.6 Fighting
 + Level 1.0 Short Blades
 + Level 1.0 Long Blades
 + Level 4.6 Axes
 + Level 1.0 Maces & Flails
 + Level 1.0 Polearms
 + Level 1.0 Staves
 + Level 1.0 Slings
 + Level 1.0 Bows
 + Level 1.0 Crossbows
 + Level 1.0 Throwing
 + Level 2.7 Armour
 + Level 4.6 Dodging
 + Level 1.0 Stealth
 + Level 1.0 Shields
 + Level 1.0 Unarmed Combat
 + Level 5.0 Spellcasting
 + Level 0.7 Conjurations
 + Level 0.7 Hexes
 + Level 5.4 Charms
 + Level 0.7 Summonings
 + Level 0.7 Necromancy
 + Level 0.7 Translocations
 + Level 0.7 Transmutations
 + Level 0.7 Fire Magic
 + Level 0.7 Ice Magic
 + Level 0.7 Air Magic
 + Level 0.7 Earth Magic
 + Level 0.7 Poison Magic
 + Level 1.1 Invocations
 + Level 1.0 Evocations


You had 3 spell levels left.
You knew the following spells:

 Your Spells              Type           Power        Failure   Level  Hunger
g - Shroud of Golubria    Chrm/Tloc      ##........   10%         2    ##.....
r - Regeneration          Chrm/Necr      ##........   21%         3    ###....
w - Spectral Weapon       Hex/Chrm       ##......     21%         3    ###....
y - Song of Slaying       Chrm           ###.....     3%          2    ##.....


Dungeon Overview and Level Annotations

Branches:
Dungeon (3/15)

Altars:

Annotations:
D:3 RottenKnight's ghost, weakling MfSu


Innate Abilities, Weirdness & Mutations

Your experience applies equally to all skills.
You have very sharp teeth.
Your uncanny sense of smell can sniff out nearby items.


Message History

You kill the adder!
Your Short Blades skill increases to level 1!
Your Long Blades skill increases to level 1!
Your Maces & Flails skill increases to level 1!
Your Polearms skill increases to level 1!
Your Staves skill increases to level 1!
Your Slings skill increases to level 1!
Your Bows skill increases to level 1!
Your Crossbows skill increases to level 1!
Your Throwing skill increases to level 1!
Your Stealth skill increases to level 1!
Your Shields skill increases to level 1!
Your Unarmed Combat skill increases to level 1!
Your Evocations skill increases to level 1!
You have reached level 4!
You feel stronger.
You closely miss the frilled lizard.
Your spectral weapon closely misses the frilled lizard.
The frilled lizard bites you.
You closely miss the frilled lizard. Your bite misses the frilled lizard.
Your spectral weapon hits the frilled lizard.
You kill the frilled lizard!
Things that are here:
an adder corpse x2
Found 9 stones.
You see here a scroll labeled SUJYFA IRRU.
o - a scroll labeled SUJYFA IRRU
Found a ring mail.
A jackal comes into view.
Your spectral weapon fades away.
You see here 7 gold pieces.
You now have 46 gold pieces (gained 7).
A jackal comes into view.
Your magical contamination has completely faded away.
Unknown command.
Found a rapier.
Unknown command.
Casting: Spectral Weapon
Confirm with . or Enter, or press ? or * to list all spells.
You miscast Spectral Weapon.
You are very lightly contaminated with residual magic.
Your skin tingles.
The jackal barks!
Evoke which item? (* to show all) (? for menu, Esc to quit)
Aiming: Throw Flame
Press: ? - help, Shift-Dir - straight line, f - jackal
Aim: a jackal The puff of flame hits the jackal.
The jackal is severely wounded.
Evoke which item? (* to show all) (? for menu, Esc to quit)
Aiming: Throw Flame
Press: ? - help, Shift-Dir - straight line, f/p - jackal
Aim: a jackal (severely wounded)
The puff of flame hits the jackal.
You kill the jackal!
Evoke which item? (* to show all) (? for menu, Esc to quit)
Aiming: Throw Flame
Press: ? - help, Shift-Dir - straight line, f - jackal
Aim: a jackal The puff of flame hits the jackal.
You kill the jackal!
You see here a ring mail.
p - a ring mail You see here 9 stones.
RottenKnight's ghost (weakling Merfolk Summoner) comes into view.
RottenKnight's ghost turns its malevolent gaze towards you.
Press: ? - help, v - describe, . - travel
Here: RottenKnight's ghost The floor.
Okay, then.
Unknown command.
Okay, then.
It was a potion of curing.
You feel better.
It was a potion of degeneration.
There was something very wrong with that liquid.
You feel weakened.
You feel dopey.
You feel clumsy.
Casting: Spectral Weapon
Confirm with . or Enter, or press ? or * to list all spells.
You miscast Spectral Weapon.
The light around you dims momentarily.
Okay, then.
As you read the scroll labeled CIONWE ZAOSKOLUIZA, it crumbles to dust.
It is a scroll of amnesia.
Your memory of Infusion unravels.
RottenKnight's ghost barely misses you.
As you read the scroll labeled YDOUHO CANUINN, it crumbles to dust.
It is a scroll of enchant weapon.
Your +0 hand axe glows red for a moment.
RottenKnight's ghost hits you.
As you read the scroll labeled HAPTAO PEHA, it crumbles to dust.
You hear a loud clanging noise!
It was a scroll of noise.
You hear a bark!
You hear a shout!
RottenKnight's ghost closely misses you.
As you read the scroll labeled VUEN EVUHEOPT, it crumbles to dust.
The scroll dissolves into smoke.
It was a scroll of fog.
RottenKnight's ghost casts a spell.
As you read the scroll labeled SUJYFA IRRU, it crumbles to dust.
It is a scroll of identify. e - cursed +0 ice dragon scales RottenKnight's ghost misses you.
The crimson imp blinks!
Are you sure you want to abandon this character and quit the game? (Confirm with "yes".)

# #.. .# . #.# #.# #
#.#.#...#.# #.#.#.....
#.#.#...### #####..........
...W....§...... ##W#.# #.
########@§..#.# #.
###..(..§§§§§...# #. .#
#.......§§.§§#### #. .#
###............# #. .#
#..............######. .#
#.................†.#.###.###
#..............####.#........
#..............#.##.#......#.
#..........#####....#......#


You could see RottenKnight's ghost.

Vanquished Creatures
  4 adders
  4 goblins
  2 hobgoblins (D:1)
  6 jackals
  A kobold (D:2)
  A quokka (D:3)
  3 bats
  A frilled lizard (D:3)
22 creatures vanquished.

Notes
Turn   | Place    | Note
-------+----------+-------------------------------------------
     0 | D:1      | tidbits the Gnoll Skald began the quest for the Orb.
     0 | D:1      | Reached XP level 1. HP: 20/20 MP: 6/6
    81 | D:2      | Reached XP level 2. HP: 21/26 MP: 3/7
    85 | D:2      | Learned a level 2 spell: Song of Slaying
    88 | D:2      | Learned a level 2 spell: Shroud of Golubria
   182 | D:2      | Reached XP level 3. HP: 4/31 MP: 7/9
   187 | D:2      | Learned a level 3 spell: Regeneration
   192 | D:2      | Learned a level 3 spell: Spectral Weapon
   287 | D:2      | Reached skill level 5 in Spellcasting
   431 | D:3      | Reached skill level 1 in Invocations
   434 | D:3      | Reached skill level 1 in Short Blades
   434 | D:3      | Reached skill level 1 in Long Blades
   434 | D:3      | Reached skill level 1 in Maces & Flails
   434 | D:3      | Reached skill level 1 in Polearms
   434 | D:3      | Reached skill level 1 in Staves
   434 | D:3      | Reached skill level 1 in Slings
   434 | D:3      | Reached skill level 1 in Bows
   434 | D:3      | Reached skill level 1 in Crossbows
   434 | D:3      | Reached skill level 1 in Throwing
   434 | D:3      | Reached skill level 1 in Stealth
   434 | D:3      | Reached skill level 1 in Shields
   434 | D:3      | Reached skill level 1 in Unarmed Combat
   434 | D:3      | Reached skill level 1 in Evocations
   434 | D:3      | Reached XP level 4. HP: 38/38 MP: 2/11
   465 | D:3      | Noticed RottenKnight's ghost (weakling MfSu)
   475 | D:3      | Quit the game

Skill      XL: |  1  2  3 |
---------------+----------+-----
Spellcasting   | 5 |  5.0
Invocations    | 1 |  1.1
Short Blades   | 1 |  1.0
Long Blades    | 1 |  1.0
Maces & Flails | 1 |  1.0
Polearms       | 1 |  1.0
Staves         | 1 |  1.0
Slings         | 1 |  1.0
Bows           | 1 |  1.0
Crossbows      | 1 |  1.0
Throwing       | 1 |  1.0
Stealth        | 1 |  1.0
Shields        | 1 |  1.0
Unarmed Combat | 1 |  1.0
Evocations     | 1 |  1.0
Fighting       | |  4.6
Axes           | |  4.6
Armour         | |  2.7
Dodging        | |  4.6
Conjurations   | |  0.7
Hexes          | |  0.7
Charms         | |  5.4
Summonings     | |  0.7
Necromancy     | |  0.7
Translocations | |  0.7
Transmutations | |  0.7
Fire Magic     | |  0.7
Ice Magic      | |  0.7
Air Magic      | |  0.7
Earth Magic    | |  0.7
Poison Magic   | |  0.7

Action                   |  1- 3 |  4- 6 || total
-------------------------+-------+-------++-------
Melee: Hand axe          |    49 |     2 ||    51
       Bite              |     6 |       ||     6
 Cast: Infusion          |     6 |       ||     6
       Spectral Weapon   |     3 |       ||     3
       Regeneration      |     1 |       ||     1
       Shroud of Golubri |     1 |       ||     1
Evoke: Wand              |       |     3 ||     3
  Use: Scroll            |       |     5 ||     5
       Potion            |       |     2 ||     2
Armor: Leather armour    |     8 |       ||     8
Dodge: Dodged            |    36 |     3 ||    39

Table legend:
 A = Turns spent in this place as a percentage of turns spent in the entire game.
 B = Non-inter-level travel turns spent in this place as a percentage of non-inter-level travel turns spent in the entire game.
 C = Inter-level travel turns spent in this place as a percentage of turns spent in this place.
 D = Turns resting spent in this place as a percentage of non-inter-level travel turns spent in this place.
 E = Turns spent auto-exploring this place as a percentage of non-inter-level travel turns spent in this place.
 F = Non-inter-level travel turns spent in this place divided by the number of levels of this place that you've seen.
                   A       B       C       D       E      F
               +-------+-------+-------+-------+-------+----------------------
         Total | 100.0 | 100.0 |   3.2 |   0.0 |   0.0 | 153.3
       Dungeon | 100.0 | 100.0 |   3.2 |   0.0 |   0.0 | 153.3
               +-------+-------+-------+-------+-------+----------------------

Table legend:
 A = Kills in this place as a percentage of kills in entire the game.
 B = Kills by you in this place as a percentage of kills by you in the entire game.
 C = Kills by friends in this place as a percentage of kills by friends in the entire game.
 D = Other kills in this place as a percentage of other kills in the entire game.
 E = Experience gained in this place as a percentage of experience gained in the entire game.
 F = Experience gained in this place divided by the number of levels of this place that you have seen.
                   A       B       C       D       E      F
               +-------+-------+-------+-------+-------+----------------------
         Total | 100.0 | 100.0 |   N/A |   N/A | 100.0 |  29.0
       Dungeon | 100.0 | 100.0 |   N/A |   N/A | 100.0 |  29.0
               +-------+-------+-------+-------+-------+----------------------

Vault maps used:
D:1:      dpeg_arrival_ternary
D:2:      serial_forest, infiniplex_forest_zigzag_2,
          infiniplex_forest_clump_large, infiniplex_forest_corner_1,
          infiniplex_forest_fountain, infiniplex_forest_lined_corner,
          infiniplex_forest_straight_3, uniq_terence
D:3:      demons_altar
